Map: Écho EC

Players

한시즌쉬고왔음

  • Race: Terran Terran
  • League: Grandmaster

AgCl - Winner!

  • Race: Protoss Protoss
  • League: Grandmaster

VOD

Have the link to the VOD?

Description

Time

  • Played on: May 30, 2015, 9:36 p.m.
  • Length: 5:19
Show
View Real Time Build Order
Export as new Build Order

한시즌쉬고왔음 Terran 

Build Orders:  

Get SALT Encoding   

  12  0:02  SCV  
  13  0:14  SCV  
  13  0:19  Supply Depot  
  14  0:26  SCV  
  14  0:28  Refinery  
  15  0:40  SCV  
  16  0:50  Barracks  
  16  0:52  SCV  
  17  1:04  SCV  
  18  1:17  SCV  
  19  1:29  SCV  
  20  1:37  Reaper  
  21  1:45  Orbital Command  
  21  2:02  Command Center  
  21  2:08  Factory  
  21  2:10  Barracks Tech Lab  
  21  2:17  SCV  
  21  2:21  Refinery  
  22  2:24  Supply Depot  
  22  2:30  SCV  
  23  2:46  SCV  
  23  2:47  Barracks Reactor  
  22  2:55  Hellion  
  22  2:58  SCV  
  25  3:10  SCV  
  23  3:22  SCV  
  24  3:28  Barracks  
  24  3:34  SCV  
  24  3:38  Marine  
  24  3:39  Marine  
  26  3:46  SCV  
  27  3:48  Cyclone  
  30  3:56  Marine  
  30  4:01  Marine  
  31  4:05  SCV  
  28  4:17  SCV  
  29  4:29  SCV  
  29  4:31  Barracks Tech Lab, Cyclone  
  30  4:32  Marine x2  
  35  4:41  SCV  
  35  4:44  Bunker  
  30  4:53  SCV  
  30  4:55  Marine x2  
  30  4:56  Marauder  
  29  5:05  SCV  
Show
View Real Time Build Order
Export as new Build Order

AgCl Protoss - Winner!

Build Orders: Oracle Opening, Oracle Opening 

Get SALT Encoding   

  12  0:02  Probe  
  13  0:26  Pylon  
  13  0:27  Probe  
  14  0:36  Assimilator  
  14  0:44  Probe  
  15  0:55  Gateway  
  15  0:56  Probe (Chrono Boost)  
  16  1:07  Probe (Chrono Boost)  
  17  1:14  Probe (Chrono Boost)  
  18  1:24  Probe (Chrono Boost), Pylon  
  19  1:31  Probe (Chrono Boost)  
  20  1:42  Zealot (Chrono Boost)  
  20  1:44  Probe  
  23  1:56  Probe  
  23  1:58  Cybernetics Core  
  24  2:08  Probe  
  24  2:09  Assimilator  
  25  2:20  Probe  
  25  2:21  Nexus  
  26  2:30  Zealot (Chrono Boost)  
  27  2:39  Stargate  
  27  2:42  Probe  
  28  2:50  Adept  
  30  3:10  Pylon  
  30  3:16  Probe (Chrono Boost)  
  29  3:25  Probe, Pylon  
  30  3:28  Oracle  
  33  3:40  Probe (Chrono Boost)  
  34  3:46  Probe (Chrono Boost)  
  33  3:54  Probe (Chrono Boost), Assimilator  
  33  3:55  Mothership Core (Chrono Boost)  
  36  4:01  Probe (Chrono Boost)  
  38  4:10  Probe x2 (Chrono Boost)  
  39  4:21  Probe (Chrono Boost)  
  39  4:23  Probe (Chrono Boost)  
  39  4:24  Assimilator  
  39  4:27  Probe (Chrono Boost)  
  41  4:34  Probe (Chrono Boost)  
  41  4:36  Forge  
  41  4:38  Fleet Beacon  
  41  4:39  Probe (Chrono Boost), Pylon  
  43  4:47  Probe (Chrono Boost)  
  43  4:48  Probe (Chrono Boost)  
  44  5:10  Probe (Chrono Boost)  
Tags
 
Add a new tag
Caveats
  • Supply blocks, unpowered buildings, or Contaminate may cause inaccurate times.
  • Supply counts are checked every 10 seconds.